 Dungeon Crawl Stone Soup version 0.29.1 (webtiles) character file.

Game seed: 4059731548793707947

8 Marcotte the Gusty (level 2, 0/15 HPs)
             Began as a Deep Elf Air Elementalist on Sept 14, 2022.
             Slain by a hobgoblin (4 damage)
             ... on level 2 of the Dungeon.
             The game lasted 00:02:56 (1396 turns).

Marcotte the Gusty (Deep Elf Air Elementalist)      Turns: 1396, Time: 00:02:58

Health: 0/15       AC:  2    Str:  5    XL:     2   Next: 0%
Magic:  4/8        EV: 12    Int: 19    God:
Gold:   105        SH:  0    Dex: 15    Spells: 6/7 levels left

rFire   . . .      SeeInvis .   (no weapon)
rCold   . . .      Faith    .   (no shield)
rNeg    . . .      Spirit   .   a - +0 robe
rPois   .          Reflect  .   (no helmet)
rElec   .          Harm     .   (no cloak)
rCorr   .          Rampage  .   (no gloves)
Will    .....                   (no boots)
Stlth   ++........              (no amulet)
HPRegen 0.05/turn               (no ring)
MPRegen 0.11/turn               (no ring)

@: no status effects
A: no striking features
a: no special abilities


You were on level 2 of the Dungeon.
You visited 1 branch of the dungeon, and saw 2 of its levels.

You collected 105 gold pieces.

Inventory:

Armour
 a - a +0 robe (worn)
Scrolls
 d - a scroll of identify {unknown}
 f - a scroll of summoning {unknown}
 g - a scroll of poison {unknown}
Potions
 b - a potion of magic
 c - a potion of lignification {unknown}
 e - 2 potions of invisibility {unknown}


   Skills:
 + Level 2.4 Dodging
 + Level 2.4 Stealth
 + Level 3.1 Spellcasting
 + Level 1.2 Conjurations
 + Level 3.3 Air Magic


You had 6 spell levels left.
You knew the following spells:

 Your Spells              Type           Power      Damage    Failure   Level
a - Shock                 Conj/Air       44%        1d5       6%          1

Your spell library contained the following spells:

 Spells                   Type           Power      Damage    Failure   Level
 Magic Dart               Conj           28%        1d4       9%          1
 Static Discharge         Conj/Air       11%        3-5/arc   9%          2
 Swiftness                Air            15%        N/A       11%         3
 Searing Ray              Conj           14%        2d5       14%         2
 Airstrike                Air            7%         2d(2-18)  36%         4
 Fulminant Prism          Conj/Hex       2%         3d6       75%         4
 Sticky Flame             Conj/Fire      5%         2d3       75%         4
 Dispel Undead            Necr           3%         3d7       83%         4


Dungeon Overview and Level Annotations

Branches:
Dungeon (2/15)

Altars:


Message History

Found a spear.
You see here a +0 spear.
As you open the door, it creaks loudly!
A hobgoblin comes into view.
The hobgoblin shouts!
You hit the hobgoblin but do no damage. The hobgoblin hits you.
Casting: Shock (safe; 6% risk of failure)
Confirm with . or Enter, or press ? or * to list all spells.
Aiming: Shock (safe; 6% risk of failure)
Press: ? - help, Shift-Dir - straight line, f - hobgoblin
Aim: a hobgoblin (68% to hit)
The zap hits the hobgoblin.
The hobgoblin is severely wounded.
The hobgoblin barely misses you.
Casting: Shock (safe; 6% risk of failure)
Confirm with . or Enter, or press ? or * to list all spells.
Aiming: Shock (safe; 6% risk of failure)
Press: ? - help, Shift-Dir - straight line, f/p - hobgoblin
Aim: a hobgoblin (heavily wounded, 68% to hit)
The zap misses the hobgoblin.
The hobgoblin hits you.
Casting: Shock (safe; 6% risk of failure)
Confirm with . or Enter, or press ? or * to list all spells.
Aiming: Shock (safe; 6% risk of failure)
Press: ? - help, Shift-Dir - straight line, f/p - hobgoblin
Aim: a hobgoblin (heavily wounded, 68% to hit)
The zap misses the hobgoblin.
The hobgoblin hits you.
* * * LOW HITPOINT WARNING * * *
Casting: Shock (safe; 6% risk of failure)
Confirm with . or Enter, or press ? or * to list all spells.
You don't know that spell.
Sorry, you're not good enough to have a special ability.
Casting: Shock (safe; 6% risk of failure)
Confirm with . or Enter, or press ? or * to list all spells.
Aiming: Shock (safe; 6% risk of failure)
Press: ? - help, Shift-Dir - straight line, f/p - hobgoblin
Aim: a hobgoblin (heavily wounded, 68% to hit)
The zap hits the hobgoblin.
The hobgoblin is severely wounded.
The hobgoblin hits you.
You die...

#...............
#.##############
#.#..#...†.....#
#)#......<.#.### .##
#.#.##.###.#.# .... #.#
.. ..#.# ..... #.#.#
##.#.###
......###.####.###.#...#
......g@...............'
......########.#####<..#
..... #.... .... #....
.## #.... #...# #####


You could see a hobgoblin.

Vanquished Creatures
  3 ball pythons (D:1)
  A bat (D:1)
  2 frilled lizards
  A kobold (D:1)
  A rat (D:1)
8 creatures vanquished.

Notes
Turn   | Place    | Note
-------+----------+-------------------------------------------
     0 | D:1      | Marcotte the Deep Elf Air Elementalist began the quest for
                  | the Orb.
     0 | D:1      | Reached XP level 1. HP: 10/10 MP: 6/6
   121 | D:1      | Found a faded altar of an unknown god.
  1320 | D:2      | Reached XP level 2. HP: 12/15 MP: 6/8
  1396 | D:2      | Slain by a hobgoblin

Illustrated notes

Levels and vault maps discovered:
D:1:      kennysheep_arrival_seaside, layout_basic,
          hellmonk_ecumenical_altar_arch_garden
D:2:      layout_basic, minmay_pentomino_z4

Action                   || total
-------------------------++-------
Melee: Unarmed           ||     1
 Cast: Shock             ||    16
Dodge: Dodged            ||     2
